 Dungeon Crawl Stone Soup version 0.19.0-9-gfd783f2 (webtiles) character file.

58 mistymad the Ruffian (level 4, -1/38 HPs)
             Began as a Naga Transmuter on Nov 7, 2016.
             Slain by Grinder (5 damage)
             ... while paralysed by Grinder
             ... on level 3 of the Dungeon.
             The game lasted 00:05:40 (1811 turns).

mistymad the Ruffian (Naga Transmuter)              Turns: 1811, Time: 00:05:40

Health: -1/38      AC:  2    Str: 13    XL:     4   Next: 2%
Magic:  4/8        EV:  1    Int: 14    God:
Gold:   86         SH:  0    Dex: 11    Spells: 2 memorised, 5 levels left

rFire  . . .     SeeInvis +       - Unarmed
rCold  . . .     Gourm    .     b - +0 robe
rNeg   . . .     Faith    .     (no shield)
rPois  +         Spirit   .     (no helmet)
rElec  .         Reflect  .     (no cloak)
rCorr  .         Harm     .     (no gloves)
MR     .....                    (no barding)
Stlth  +.........               (no amulet)
                                (no ring)
                                (no ring)

@: paralysed, appendage (expiring), very slow
A: horns 2, see invisible, deformed body, poison resistance, slowness 2, slow
metabolism 1, spit poison 1, AC +1
a: Spit Poison, End Transformation


You were on level 3 of the Dungeon.
You were very hungry.
You had grown temporary horns.
You visited 1 branch of the dungeon, and saw 3 of its levels.

You collected 86 gold pieces.

Inventory:

Missiles
 a - 10 arrows
Armour
 b - a +0 robe (worn)
Scrolls
 e - 2 scrolls of remove curse {unknown}
 g - 3 scrolls of identify {unknown}
 i - a scroll of teleportation {unknown}
 k - a scroll of enchant weapon
Potions
 h - a potion of curing {unknown}
 j - a potion of lignification {unknown}
Books
 c - a book of Changes

   Spells                             Type                      Level
   a - Beastly Appendage              Transmutation                1
   b - Sticks to Snakes               Transmutation                2
   c - Spider Form                    Transmutation/Poison         3
   d - Ice Form                       Ice/Transmutation            4
   e - Blade Hands                    Transmutation                5
Comestibles
 d - a bread ration
 f - a slice of pizza


   Skills:
 - Level 1.0 Fighting
 - Level 1.5 Dodging
 + Level 3.7 Unarmed Combat
 + Level 2.6 Spellcasting
 + Level 2.8 Transmutations


You had 5 spell levels left.
You knew the following spells:

 Your Spells              Type           Power        Failure   Level  Hunger
a - Beastly Appendage     Tmut           #.....       10%         1    #......
b - Sticks to Snakes      Tmut           #.......     14%         2    ###....


Dungeon Overview and Level Annotations

Branches:
Dungeon (3/15)

Altars:
Makhleb

Annotations:
D:3 Grinder


Innate Abilities, Weirdness & Mutations

You cannot wear boots.
Your serpentine skin is tough. (AC +1)
You have supernaturally acute eyesight. (SInv)
Armour fits poorly on your strangely shaped body.
Your system is resistant to poisons. (rPois)
You cover ground very slowly.
You have a slow metabolism.
You can spit poison.
You have a pair of horns on your head.


Message History

Your ball python dies!
Grinder shouts!
You completely miss Grinder. You headbutt Grinder, but do no damage.
Grinder is heavily wounded.
Unknown command.
You hit Grinder. Your headbutt misses Grinder.
Grinder is severely wounded.
Grinder says, "FISH!"
Grinder hits you but does no damage. The giant cockroach barely misses you.
Unknown command.
You hit Grinder.
Grinder is almost dead.
Grinder gestures at you.
You suddenly lose the ability to move!
The giant cockroach bites you but does no damage.
The giant cockroach bites you. Grinder hits you!
* * * LOW HITPOINT WARNING * * *
The giant cockroach bites you but does no damage.
Grinder hits you.
You die...

..####.#
#...########.#.#.#
.......# #...#
#####.#.# ..###...
.....# #.......#
#.# #.######..#
#.###.#.# ......
...# #.# #.#.#
#.#### #.# #.#.#
... # #.# #.###
.##..######.# #.#
......s@....# #.#
....##5###### ..#
. ... #... ##..
#.. ##. #.


You could see Grinder and a giant cockroach.

Vanquished Creatures
  An adder (D:3)
  2 worms (D:2)
  2 leopard geckos (D:3)
  5 bats
  A giant cockroach (D:3)
  6 goblins
  9 hobgoblins
  4 kobolds
  2 quokkas
  3 frilled lizards
  4 rats
39 creatures vanquished.

Notes
Turn   | Place    | Note
-------+----------+-------------------------------------------
     0 | D:1      | mistymad the Naga Transmuter began the quest for the Orb.
     0 | D:1      | Reached XP level 1. HP: 18/18 MP: 3/3
     3 | D:1      | Noticed a minotaur zombie
    10 | D:1      | Noticed a merfolk zombie
   183 | D:1      | Reached XP level 2. HP: 14/25 MP: 3/5
   485 | D:1      | You fall through a shaft!
   488 | D:2      | Found a faded altar of an unknown god.
   557 | D:2      | Learned a level 2 spell: Sticks to Snakes
   615 | D:2      | Reached XP level 3. HP: 27/31 MP: 4/6
   900 | D:2      | Found a burning altar of Makhleb.
  1717 | D:3      | Reached XP level 4. HP: 24/38 MP: 6/8
  1796 | D:3      | Noticed Grinder
  1796 | D:3      | Paralysed by Grinder for 2 turns
  1809 | D:3      | Paralysed by Grinder for 4 turns
  1811 | D:3      | Slain by Grinder

Action                   |  1- 3 |  4- 6 || total
-------------------------+-------+-------++-------
Melee: Unarmed           |    99 |     9 ||   108
       Headbutt          |     5 |     3 ||     8
 Cast: Beastly Appendage |    16 |     2 ||    18
       Sticks to Snakes  |       |     2 ||     2
 Abil: Spit Poison       |    28 |     1 ||    29
  Use: Scroll            |     1 |       ||     1
  Eat: Chunk             |     3 |       ||     3
Armor: Robe              |    24 |     3 ||    27
Dodge: Dodged            |    46 |     4 ||    50
